Map: Multiprocessor LE

Players

Khail

  • Race: Protoss Protoss
  • Spawn Location: 11:00

headpool

  • Race: Terran Terran
  • Spawn Location: 9:00

killer

  • Race: Protoss Protoss
  • League: Gold
  • Spawn Location: 12:00

MooEsqoo

  • Race: Protoss Protoss
  • Spawn Location: 9:00

DogZilla - Winner!

  • Race: Zerg Zerg
  • Spawn Location: 6:00

yar - Winner!

  • Race: Protoss Protoss
  • Spawn Location: 5:00

Eternal - Winner!

  • Race: Protoss Protoss
  • Spawn Location: 3:00

LLLppsscc - Winner!

  • Race: Terran Terran
  • Spawn Location: 5:00

VOD

Have the link to the VOD?

Description

Time

  • Played on: Nov. 22, 2019, 12:29 a.m.
  • Length: 13:25
Show
View Real Time Build Order
Export as new Build Order

Khail Protoss 

Build Orders: 1 Gate Expand, Archon Immortal 

Get SALT Encoding   

  12  0:02  Probe  
  14  0:14  Probe  
  14  0:24  Pylon  
  14  0:26  Probe  
  15  0:42  Gateway, Probe (Chrono Boost)  
  16  0:49  Assimilator  
  16  0:54  Probe (Chrono Boost)  
  17  1:02  Probe (Chrono Boost)  
  18  1:12  Probe  
  19  1:24  Probe  
  20  1:30  Nexus  
  20  1:36  Probe  
  21  1:46  Cybernetics Core  
  21  1:48  Probe  
  22  2:00  Probe  
  23  2:02  Assimilator  
  23  2:22  Warp Gate (Chrono Boost)  
  23  2:32  Pylon  
  23  2:34  Pylon  
  23  2:41  Probe  
  24  2:51  Probe  
  25  2:53  Probe  
  25  2:54  Robotics Facility  
  25  2:58  Twilight Council  
  26  3:03  Probe  
  27  3:06  Probe, Stalker  
  30  3:15  Probe  
  30  3:18  Probe  
  32  3:27  Probe  
  32  3:30  Probe  
  34  3:35  Gateway x2, Charge (Chrono Boost)  
  34  3:39  Probe  
  35  3:48  Probe  
  35  3:51  Probe, Assimilator  
  35  3:53  Immortal (Chrono Boost)  
  41  4:18  Probe  
  41  4:19  Probe  
  43  4:30  Probe  
  44  4:31  Zealot  
  44  4:32  Zealot x2  
  50  4:39  Pylon  
  50  4:40  Probe  
  50  4:41  Pylon  
  50  4:43  Probe  
  50  4:45  Assimilator  
  52  4:51  Gateway  
  52  4:53  Gateway  
  52  5:03  Probe x2  
  54  5:08  Immortal  
  54  5:12  Zealot  
  54  5:13  Zealot x2  
  64  5:18  Probe x2  
  66  5:35  Probe  
  67  5:44  Probe  
  68  5:52  Dark Shrine  
  68  5:54  Zealot  
  70  5:59  Pylon  
  70  6:00  Pylon  
  70  6:01  Pylon  
  70  6:20  Warp Prism (Chrono Boost)  
  72  6:27  Pylon  
  72  6:29  Pylon  
  72  6:39  Zealot x4  
  80  6:41  Nexus  
  80  6:43  Pylon  
  80  6:48  Gateway  
  80  6:49  Gateway  
  80  6:51  Gateway  
  80  7:06  Dark Templar x2  
  80  7:07  Dark Templar x3  
  90  7:12  Pylon  
  90  7:13  Pylon  
  90  7:16  Immortal (Chrono Boost)  
  94  7:24  Robotics Facility  
  94  7:25  Archon  
  94  7:26  Archon  
  94  7:32  Probe x2  
  97  7:44  Probe, Dark Templar  
  97  7:45  Dark Templar x4  
  97  7:50  Archon x2  
  97  7:51  Archon  
  107  7:53  Immortal (Chrono Boost)  
  111  8:09  Immortal (Chrono Boost)  
  115  8:15  Probe x3  
  115  8:17  Assimilator  
  114  8:27  Probe x2  
  114  8:31  Immortal (Chrono Boost)  
  110  8:38  Immortal (Chrono Boost)  
  118  8:41  Zealot  
  118  8:42  Zealot x2  
  118  8:45  Probe  
  118  8:46  Probe  
  126  8:55  Forge  
  126  8:56  Forge  
  126  9:04  Dark Templar x2  
  126  9:07  Immortal (Chrono Boost)  
  130  9:16  Archon  
  134  9:18  Dark Templar  
  134  9:19  Dark Templar  
  134  9:21  Dark Templar  
  134  9:22  Probe  
  134  9:23  Probe  
  142  9:26  Protoss Ground Weapons Level 1 (Chrono Boost)  
  142  9:27  Protoss Ground Armor Level 1 (Chrono Boost), Pylon  
  142  9:28  Pylon  
  138  9:39  Archon  
  70  9:54  Probe x3  
  70  9:58  Assimilator  
  67  10:04  Stalker  
  67  10:05  Stalker x6  
  67  10:06  Probe  
  70  10:45  Stalker  
  70  10:46  Stalker x7  
  64  11:18  Stalker x2  
  58  11:19  Stalker x5  
  41  12:00  Probe  
Show
View Real Time Build Order
Export as new Build Order

headpool Terran 

Build Orders:  

Get SALT Encoding   

  12  0:13  Refinery  
  12  0:26  Refinery  
  12  0:52  SCV  
  13  1:04  SCV  
  14  1:08  Supply Depot  
  14  1:16  SCV  
  15  1:29  SCV  
  16  1:41  SCV  
  17  1:51  Barracks  
  16  2:36  SCV  
  17  2:49  SCV  
  17  3:01  SCV  
  6  3:13  SCV  
  5  3:25  SCV  
  4  4:12  Command Center  
  3  4:36  Command Center  
  3  4:41  Refinery  
  1  6:06  SCV  
  2  6:42  SCV  
  3  7:06  SCV  
  4  7:27  SCV  
  5  7:46  SCV  
  6  7:59  SCV  
  7  8:11  SCV  
  8  8:23  SCV  
  9  8:35  SCV  
  10  8:47  SCV  
  11  8:59  SCV  
  12  9:10  Refinery  
  12  9:11  SCV  
  13  9:23  SCV  
  14  9:25  Supply Depot  
  14  9:35  SCV  
  15  9:48  SCV  
  16  10:00  SCV  
  16  10:02  Barracks  
  17  10:20  SCV  
  18  10:34  SCV  
Show
View Real Time Build Order
Export as new Build Order

killer Protoss 

Build Orders:  

Get SALT Encoding   

  12  0:01  Probe (Chrono Boost)  
  13  0:10  Probe (Chrono Boost)  
  14  0:23  Probe  
  14  0:25  Pylon  
  15  0:32  Assimilator  
  15  0:47  Gateway  
  15  0:48  Probe  
  16  1:00  Probe (Chrono Boost)  
  18  1:12  Probe (Chrono Boost)  
  18  1:17  Probe (Chrono Boost)  
  19  1:40  Cybernetics Core  
  19  1:53  Nexus, Probe  
  20  2:05  Probe  
  20  2:07  Pylon  
  21  2:15  Assimilator  
  21  2:17  Probe  
  22  2:25  Sentry  
  24  2:37  Warp Gate  
  24  2:38  Twilight Council  
  24  2:41  Pylon  
  24  2:49  Forge  
  24  2:56  Probe  
  25  3:05  Adept  
  27  3:13  Probe (Chrono Boost), Robotics Facility  
  28  3:23  Probe (Chrono Boost)  
  29  3:28  Probe (Chrono Boost)  
  30  3:42  Stalker  
  31  4:23  Immortal  
  35  4:30  Probe (Chrono Boost)  
  36  4:31  Dark Shrine  
  37  4:40  Probe x2 (Chrono Boost)  
  37  4:45  Probe (Chrono Boost)  
  38  4:47  Probe (Chrono Boost)  
  38  4:49  Pylon  
  40  4:54  Pylon  
  40  4:57  Probe (Chrono Boost)  
  40  4:59  Probe (Chrono Boost)  
  42  5:04  Probe (Chrono Boost)  
  42  5:05  Probe (Chrono Boost)  
  44  5:11  Probe  
  44  5:13  Probe  
  46  5:14  Warp Prism  
  48  5:23  Probe  
  49  5:36  Assimilator x2  
  49  5:46  Gateway  
  49  5:47  Nexus  
  49  5:48  Gateway  
  49  5:51  Gateway  
  49  5:54  Probe (Chrono Boost)  
  49  5:55  Probe (Chrono Boost)  
  49  5:56  Gateway  
  51  5:57  Gateway  
  53  6:04  Probe x2 (Chrono Boost)  
  53  6:24  Immortal  
  57  6:49  Probe (Chrono Boost)  
  60  7:01  Probe (Chrono Boost)  
  60  7:03  Warp Prism  
  60  7:04  Probe (Chrono Boost), Zealot  
  60  7:06  Probe (Chrono Boost)  
  65  7:11  Probe  
  66  7:16  Probe  
  67  7:23  Probe  
  67  7:26  Dark Templar x3  
  67  7:27  Dark Templar x2  
  67  7:28  Probe, Dark Templar  
  81  7:35  Probe  
  78  7:47  Probe  
  71  8:08  Templar Archives  
  71  8:11  Gateway x2  
  71  8:12  Gateway  
  71  8:15  Probe  
  71  8:19  Assimilator x2  
  72  8:28  Probe  
  72  8:31  Zealot x3  
  72  8:32  Zealot x2  
  83  8:40  Probe  
  84  8:52  Probe  
  85  8:59  Pylon  
  85  9:00  Pylon  
  85  9:01  Pylon  
  85  9:04  Pylon  
  85  9:05  Pylon  
  85  9:07  Pylon  
  85  9:08  Pylon  
  85  9:10  Pylon  
  85  9:17  Probe  
  85  9:24  Stalker x3  
  82  9:25  Stalker x3  
  82  9:26  Stalker x2  
  82  9:27  Stalker  
  74  9:52  Psionic Storm  
  64  10:24  High Templar x2  
  64  10:25  High Templar x2  
  64  10:26  High Templar x3  
  64  10:27  High Templar x2  
  79  10:58  Nexus  
  79  11:01  High Templar  
  79  11:04  High Templar x2  
  79  11:05  High Templar x3  
  79  11:08  High Templar  
  91  11:13  Zealot x2  
  77  11:46  High Templar x2  
  65  11:47  Zealot  
  65  11:48  Zealot x3  
  65  11:49  Zealot x2  
  56  11:56  Photon Cannon  
  56  11:57  Photon Cannon  
  56  11:59  Photon Cannon x2  
  43  12:18  Zealot  
  43  12:19  Zealot x2  
  43  12:20  Zealot x2  
  43  12:21  Zealot x2  
  45  12:27  High Templar  
Show
View Real Time Build Order
Export as new Build Order

MooEsqoo Protoss 

Build Orders:  

Get SALT Encoding   

  12  0:01  Probe  
  13  0:14  Probe  
  13  0:20  Pylon  
  14  0:26  Probe  
  15  0:42  Gateway  
  15  0:49  Probe  
  16  0:53  Assimilator  
  16  1:02  Probe (Chrono Boost)  
  18  1:12  Probe (Chrono Boost)  
  18  1:17  Probe (Chrono Boost)  
  19  1:28  Probe  
  19  1:32  Cybernetics Core  
  20  1:40  Probe  
  21  1:49  Nexus  
  21  1:58  Gateway  
  21  2:03  Pylon  
  21  2:16  Probe  
  21  2:28  Shield Battery  
  21  2:29  Shield Battery  
  21  2:33  Stalker (Chrono Boost)  
  21  2:34  Warp Gate  
  23  2:48  Assimilator  
  25  2:54  Stalker (Chrono Boost)  
  25  3:47  Stalker (Chrono Boost)  
  27  3:57  Shield Battery  
  27  3:58  Shield Battery  
  27  4:00  Shield Battery  
  27  4:06  Stalker (Chrono Boost)  
  27  4:08  Probe  
  27  4:09  Probe  
  31  4:21  Probe x2  
  33  4:24  Stalker  
  35  4:57  Stalker x2  
  39  5:33  Stargate  
  39  5:38  Probe  
  39  5:41  Assimilator  
  40  5:44  Assimilator  
  40  5:46  Pylon  
  40  5:47  Probe  
  41  5:50  Probe, Pylon  
  41  5:52  Stalker x2  
  46  6:04  Probe x2  
  46  6:05  Nexus  
  46  6:08  Pylon  
  48  6:11  Pylon  
  48  6:17  Probe  
  49  6:20  Assimilator  
  49  6:24  Assimilator  
  49  6:28  Pylon  
  49  6:29  Stalker  
  49  6:30  Pylon  
  51  6:33  Oracle (Chrono Boost)  
  54  6:50  Probe  
  54  6:51  Probe  
  56  6:54  Stalker  
  56  6:59  Stalker  
  60  7:03  Probe x2  
  62  7:15  Probe  
  63  7:17  Robotics Facility  
  63  7:24  Oracle (Chrono Boost)  
  66  7:30  Probe x2  
  68  7:41  Probe  
  68  7:42  Probe x2  
  71  7:45  Stalker  
  73  7:53  Probe  
  73  7:54  Probe x2  
  76  8:04  Oracle (Chrono Boost)  
  76  8:05  Probe  
  80  8:13  Probe x2  
  80  8:17  Probe  
  83  8:25  Probe x2  
  83  8:26  Warp Prism (Chrono Boost)  
  85  8:29  Probe  
  85  8:34  Stalker x2  
  92  8:41  Probe  
  92  8:44  Gateway  
  92  8:46  Gateway  
  92  8:48  Gateway  
  93  8:52  Gateway  
  93  8:54  Probe  
  94  8:58  Probe x2  
  96  9:04  Oracle (Chrono Boost)  
  96  9:06  Probe  
  100  9:10  Probe x2  
  102  9:18  Probe  
  102  9:22  Probe x2  
  105  9:30  Probe  
  106  9:33  Stalker  
  108  9:44  Pylon  
  108  9:46  Pylon  
  108  9:48  Pylon  
  108  9:51  Pylon  
  108  9:52  Pylon  
  108  9:54  Pylon  
  108  10:09  Stalker x5  
  108  10:10  Stalker  
  120  10:14  Immortal (Chrono Boost)  
  124  10:31  Oracle  
  69  10:55  Stalker x6  
  81  11:09  Immortal  
  85  11:30  Fleet Beacon  
  85  11:33  Stargate  
  85  11:35  Stargate  
  85  11:36  Stargate  
  85  11:43  Void Ray  
  85  11:45  Stalker x2  
  85  11:46  Stalker x4  
  101  12:03  Immortal  
  105  12:10  Stalker x6  
  117  12:19  Forge  
  117  12:26  Tempest (Chrono Boost)  
  117  12:27  Tempest x2 (Chrono Boost)  
  117  12:29  Tempest (Chrono Boost)  
  137  12:48  Immortal (Chrono Boost)  
  140  12:59  Stalker x3  
  140  13:00  Stalker x3  
Show
View Real Time Build Order
Export as new Build Order

DogZilla Zerg - Winner!

Build Orders: Pool First 

Get SALT Encoding   

  12  0:01  Drone  
  13  0:09  Drone  
  14  0:18  Overlord  
  14  0:36  Extractor  
  14  0:41  Spawning Pool  
  12  0:43  Drone  
  12  0:45  Drone  
  12  0:49  Drone  
  15  1:01  Drone  
  16  1:28  Zergling x6  
  19  1:39  Metabolic Boost  
  19  1:41  Zergling x2  
  20  1:53  Zergling x2  
  21  1:56  Hatchery  
  20  2:05  Extractor  
  20  2:06  Zergling x2  
  20  2:16  Zergling x2  
  21  2:36  Overlord  
  21  2:53  Queen  
  21  3:29  Queen, Drone  
  21  3:30  Drone  
  21  3:33  Drone x3  
  26  4:22  Drone x3  
  29  4:30  Drone x5  
  34  4:35  Overlord  
  31  5:14  Baneling Nest  
  30  5:15  Drone x5  
  35  5:39  Drone x3  
  38  5:43  Spore Crawler  
  38  5:46  Spore Crawler  
  36  5:56  Evolution Chamber  
  35  5:58  Drone  
  35  5:59  Drone  
  35  6:00  Evolution Chamber, Drone x2  
  35  6:01  Drone x3  
  41  6:06  Extractor x2  
  39  6:16  Lair  
  39  6:22  Drone x2  
  41  6:26  Zergling x2  
  41  6:27  Zergling x4  
  41  6:29  Overlord x2  
  44  6:37  Zerg Ground Armor Level 1  
  44  6:38  Zerg Missile Weapons Level 1  
  44  6:55  Drone x4  
  44  6:58  Zergling x6  
  44  6:59  Zergling x2  
  52  7:12  Spore Crawler  
  52  7:14  Pneumatized Carapace  
  51  7:25  Drone x3  
  54  7:32  Centrifical Hooks  
  54  7:43  Overseer x2  
  54  7:57  Spine Crawler  
  53  7:59  Spore Crawler  
  53  8:02  Spore Crawler  
  51  8:06  Drone x2, Spore Crawler  
  51  8:09  Zergling x6  
  51  8:10  Zergling x6  
  51  8:11  Overlord x2  
  58  8:51  Overseer  
  58  9:03  Nydus Network  
  57  9:15  Baneling x2  
  57  9:16  Baneling x24  
  57  9:30  Nydus Network  
  56  10:11  Zerg Ground Armor Level 2  
  56  10:12  Zerg Missile Weapons Level 2  
  56  10:25  Hydralisk Den  
  55  10:56  Muscular Augments  
  55  10:57  Hydralisk  
  55  10:58  Hydralisk x9  
  55  11:01  Overlord x3  
  55  11:02  Overlord  
  75  11:07  Overseer x2  
  75  11:14  Hatchery  
  75  11:16  Extractor x2  
  72  12:07  Grooved Spines  
  72  12:09  Nydus Canal x2  
  72  12:25  Hydralisk  
  72  12:26  Hydralisk x11  
  96  12:38  Infestation Pit  
  96  12:41  Queen  
  97  12:49  Drone x2  
  97  12:50  Drone  
Show
View Real Time Build Order
Export as new Build Order

yar Protoss - Winner!

Build Orders: Forge Fast Expand (FFE), Carriers 

Get SALT Encoding   

  12  0:03  Probe  
  13  0:15  Probe  
  14  0:24  Pylon  
  14  0:27  Probe  
  15  0:42  Probe  
  16  0:51  Forge  
  16  0:54  Probe  
  17  1:06  Probe  
  18  1:24  Pylon  
  18  1:25  Nexus  
  18  1:43  Photon Cannon  
  18  1:49  Pylon  
  18  2:00  Probe  
  19  2:12  Probe  
  20  2:17  Photon Cannon  
  20  2:18  Pylon  
  20  2:22  Photon Cannon  
  20  2:38  Photon Cannon  
  20  2:41  Photon Cannon  
  20  3:14  Pylon  
  20  3:24  Probe  
  21  3:30  Pylon  
  21  3:33  Assimilator  
  21  3:36  Probe  
  21  3:40  Probe  
  23  3:47  Assimilator, Photon Cannon  
  23  3:48  Probe, Pylon  
  24  3:52  Probe  
  25  4:00  Probe  
  26  4:04  Probe  
  27  4:12  Gateway, Probe  
  27  4:16  Probe  
  29  4:24  Probe  
  29  4:27  Assimilator  
  29  4:28  Probe  
  29  4:29  Pylon  
  31  4:33  Assimilator  
  31  4:35  Nexus  
  31  4:36  Probe  
  32  4:40  Probe, Pylon  
  33  4:49  Probe  
  34  4:59  Probe  
  35  5:01  Probe  
  35  5:06  Cybernetics Core  
  36  5:11  Probe  
  37  5:14  Pylon  
  36  5:22  Pylon  
  36  5:23  Probe  
  37  5:30  Probe (Chrono Boost)  
  37  5:32  Photon Cannon  
  37  5:35  Assimilator  
  38  5:37  Probe (Chrono Boost)  
  38  5:42  Probe (Chrono Boost)  
  40  5:45  Probe (Chrono Boost)  
  40  5:46  Stargate  
  40  5:47  Probe (Chrono Boost), Photon Cannon  
  40  5:49  Pylon  
  42  5:50  Probe (Chrono Boost)  
  42  5:52  Photon Cannon  
  42  5:56  Probe  
  44  5:58  Robotics Facility  
  44  6:00  Photon Cannon  
  44  6:02  Probe  
  45  6:04  Probe  
  45  6:10  Probe (Chrono Boost)  
  47  6:16  Probe (Chrono Boost)  
  49  6:18  Probe (Chrono Boost)  
  49  6:22  Probe (Chrono Boost)  
  51  6:26  Probe (Chrono Boost)  
  51  6:29  Probe (Chrono Boost)  
  51  6:31  Probe (Chrono Boost)  
  54  6:32  Probe (Chrono Boost)  
  54  6:33  Photon Cannon  
  54  6:34  Probe (Chrono Boost)  
  54  6:39  Fleet Beacon  
  55  6:40  Probe  
  55  6:42  Probe  
  55  6:46  Stargate  
  55  6:47  Probe  
  58  6:50  Protoss Air Weapons Level 1, Stargate  
  58  6:51  Observer  
  58  6:52  Probe  
  60  7:08  Probe  
  61  7:09  Assimilator  
  61  7:12  Pylon  
  61  7:24  Carrier  
  67  7:31  Carrier, Pylon  
  73  8:01  Carrier  
  79  8:07  Photon Cannon  
  79  8:09  Nexus  
  79  8:16  Pylon  
  79  8:17  Pylon  
  79  8:19  Photon Cannon  
  79  8:21  Assimilator  
  79  8:26  Pylon  
  79  8:35  Carrier x2  
  91  8:49  Photon Cannon  
  91  8:52  Shield Battery  
  91  8:53  Photon Cannon  
  91  8:56  Shield Battery  
  91  8:58  Protoss Air Armor Level 1  
  91  9:05  Carrier  
  91  9:06  Pylon  
  91  9:07  Pylon  
  91  9:09  Photon Cannon  
  97  9:11  Assimilator  
  97  10:20  Probe  
  98  10:24  Carrier x3  
  116  10:32  Probe  
  117  11:28  Carrier  
  123  11:58  Carrier x2, Stargate  
  135  12:03  Stargate  
  135  12:04  Pylon  
Show
View Real Time Build Order
Export as new Build Order

Eternal Protoss - Winner!

Build Orders: Nexus First, Carriers 

Get SALT Encoding   

  12  0:56  Nexus  
  12  1:14  Nexus  
  12  1:18  Probe  
  13  1:31  Pylon  
  13  1:33  Probe  
  14  1:45  Probe  
  15  1:51  Forge  
  15  1:57  Probe  
  16  2:09  Probe (Chrono Boost)  
  16  2:10  Probe (Chrono Boost)  
  18  2:22  Probe (Chrono Boost)  
  20  2:27  Probe (Chrono Boost)  
  20  2:29  Probe (Chrono Boost)  
  21  2:33  Probe (Chrono Boost)  
  21  2:36  Probe  
  22  2:37  Pylon  
  22  2:43  Assimilator  
  23  2:48  Probe (Chrono Boost)  
  23  2:49  Probe (Chrono Boost)  
  26  2:53  Probe (Chrono Boost)  
  28  2:59  Probe (Chrono Boost)  
  28  3:01  Probe (Chrono Boost)  
  28  3:04  Probe (Chrono Boost)  
  29  3:10  Probe (Chrono Boost)  
  30  3:15  Photon Cannon  
  30  3:19  Probe (Chrono Boost)  
  31  3:22  Probe (Chrono Boost)  
  31  3:26  Assimilator  
  32  3:28  Probe (Chrono Boost)  
  32  3:29  Probe (Chrono Boost)  
  32  3:30  Photon Cannon  
  34  3:35  Gateway  
  34  3:38  Probe (Chrono Boost)  
  34  3:40  Pylon  
  35  3:44  Probe (Chrono Boost)  
  36  3:48  Pylon  
  36  3:54  Probe (Chrono Boost)  
  36  3:55  Probe (Chrono Boost)  
  38  3:59  Pylon  
  40  4:03  Probe x2 (Chrono Boost)  
  40  4:07  Photon Cannon  
  40  4:08  Probe (Chrono Boost)  
  41  4:10  Probe, Photon Cannon  
  41  4:16  Pylon  
  42  4:19  Probe  
  42  4:22  Probe  
  42  4:23  Photon Cannon  
  44  4:28  Cybernetics Core  
  44  4:31  Probe  
  44  4:34  Probe, Assimilator  
  44  4:36  Photon Cannon  
  46  4:40  Photon Cannon  
  46  4:46  Probe  
  46  4:47  Pylon  
  46  4:50  Assimilator  
  47  4:55  Pylon  
  47  4:56  Assimilator  
  47  5:03  Assimilator  
  47  5:06  Photon Cannon  
  47  5:07  Photon Cannon  
  47  5:10  Photon Cannon  
  47  5:15  Photon Cannon  
  47  5:24  Stargate  
  47  5:29  Photon Cannon  
  47  5:33  Protoss Air Weapons Level 1  
  47  5:34  Shield Battery  
  47  5:36  Stargate  
  47  5:40  Stargate  
  47  5:43  Pylon  
  47  5:44  Stargate  
  47  5:53  Probe  
  48  5:58  Photon Cannon  
  48  6:02  Photon Cannon  
  48  6:06  Photon Cannon  
  48  6:19  Pylon  
  48  6:35  Pylon  
  48  6:41  Pylon  
  48  6:53  Fleet Beacon  
  48  6:58  Stargate  
  48  7:00  Photon Cannon  
  48  7:07  Pylon  
  36  7:46  Carrier x2  
  36  7:47  Carrier x3  
  66  8:03  Nexus  
  66  8:07  Pylon  
  66  8:10  Pylon  
  66  8:15  Photon Cannon  
  66  8:17  Photon Cannon  
  65  8:47  Probe (Chrono Boost)  
  66  8:51  Photon Cannon  
  66  8:54  Photon Cannon  
  67  8:57  Probe (Chrono Boost)  
  67  8:59  Photon Cannon  
  67  9:02  Probe (Chrono Boost)  
  68  9:13  Probe  
  69  9:25  Probe  
  70  10:05  Nexus  
  70  10:07  Carrier x2 (Chrono Boost)  
  82  10:20  Pylon  
  82  10:23  Pylon  
  82  10:44  Photon Cannon  
  81  10:50  Protoss Air Weapons Level 2 (Chrono Boost)  
  81  11:44  Photon Cannon  
  81  12:17  Nexus  
  81  12:49  Pylon  
  81  12:51  Pylon  
  81  12:54  Pylon  
Show
View Real Time Build Order
Export as new Build Order

LLLppsscc Terran - Winner!

Build Orders:  

Get SALT Encoding   

  12  0:16  Supply Depot  
  12  0:18  SCV  
  13  0:30  SCV  
  14  0:42  SCV  
  15  0:54  SCV  
  16  1:06  SCV  
  16  1:09  Barracks  
  16  1:10  Barracks  
  17  1:18  SCV  
  17  1:19  Supply Depot  
  18  1:26  Engineering Bay  
  18  1:30  SCV  
  19  1:43  SCV  
  20  1:54  Missile Turret  
  20  2:03  Bunker  
  20  2:05  Marine x2  
  22  2:12  Bunker  
  22  2:22  Marine x2  
  24  2:40  Marine x2  
  24  2:42  Supply Depot  
  26  2:44  Refinery  
  26  2:45  Refinery  
  26  2:49  SCV  
  27  2:58  Marine x2  
  27  3:01  SCV  
  30  3:13  SCV  
  31  3:25  SCV  
  32  3:37  SCV  
  33  3:45  Supply Depot, Command Center  
  33  3:46  Supply Depot  
  33  3:56  Orbital Command  
  33  4:08  Supply Depot  
  33  4:20  Factory  
  33  4:48  Barracks  
  33  4:50  Barracks  
  33  5:03  Terran Infantry Weapons Level 1  
  33  5:05  SCV x2  
  35  5:10  Factory Tech Lab  
  35  5:17  SCV x2  
  37  5:29  SCV x2  
  39  5:41  SCV  
  39  5:42  SCV  
  41  5:45  Barracks Tech Lab, Barracks Reactor  
  41  5:46  Barracks Reactor  
  41  5:47  Barracks Reactor  
  41  5:51  Siege Tank  
  41  5:53  SCV  
  41  5:54  SCV  
  46  6:00  Starport  
  46  6:05  SCV  
  46  6:06  SCV  
  46  6:07  Stimpack  
  48  6:17  SCV, Missile Turret  
  48  6:18  SCV  
  50  6:29  SCV  
  50  6:30  SCV  
  52  6:40  Starport Reactor  
  52  6:49  Marine  
  52  6:51  Marine x5, Marauder  
  60  6:57  Terran Infantry Armor Level 1  
  60  7:02  Supply Depot  
  60  7:03  Supply Depot  
  60  7:07  Marine  
  61  7:08  Marine x2  
  61  7:09  Marine x3  
  61  7:12  Orbital Command, Marauder  
  61  7:15  Refinery  
  68  7:24  Marine, Engineering Bay  
  68  7:25  Engineering Bay  
  68  7:26  Marine x2  
  68  7:27  Marine x3  
  74  7:46  Combat Shield  
  74  8:01  Marine  
  74  8:02  Marine x6  
  81  8:05  Medivac x2  
  85  8:19  Marine x5  
  86  8:20  Marine x2  
  86  8:22  Armory  
  92  8:35  Medivac  
  94  9:12  Supply Depot x2  
  94  9:14  Supply Depot  
  94  9:15  Terran Infantry Weapons Level 2  
  94  9:19  Terran Infantry Armor Level 2  
  94  9:33  Marine x4  
  94  9:34  Marine x3, Medivac x2  
  94  9:35  Supply Depot  
  94  9:36  Supply Depot  
  105  9:40  Supply Depot  
  100  9:52  Marine  
  98  9:59  Supply Depot  
  98  10:02  Supply Depot  
  98  10:03  Medivac  
  100  10:10  Marine  
  100  10:11  Marine x6  
  107  10:14  Medivac  
  109  10:28  Marine  
  109  10:29  Marine x6  
  109  10:33  Medivac  
  114  10:46  Marine  
  114  10:47  Marine x6  
  119  10:55  Medivac  
  121  11:03  Medivac  
  123  11:04  Marine x5  
  123  11:05  Marine x2  
  130  11:22  Marine x7  
  130  11:25  Medivac  
  139  11:40  Marine x6  
  139  11:41  Marauder  
  147  11:57  Marine  
  147  11:58  Marine x5  
  153  12:02  Marauder  
  155  12:15  Marine  
  148  12:16  Marine x5  
  153  12:24  Marauder  
  155  12:44  Marine  
  155  12:50  Supply Depot x2  
  156  12:52  Supply Depot  
  156  13:14  Supply Depot  
  156  13:16  Supply Depot  
  156  13:18  Supply Depot  
Tags
 
Add a new tag
Caveats
  • Supply blocks, unpowered buildings, or Contaminate may cause inaccurate times.
  • Supply counts are checked every 10 seconds.